 Dungeon Crawl Stone Soup version 0.29-a0-275-g389c0b56f3 (webtiles) character file.

Game seed: 5124771323694264944

170 drugrobin the Chopper (level 5, -2/46 HPs)
             Began as a Demigod Fighter on Mar 10, 2022.
             Slain by an iguana (10 damage)
             ... on level 4 of the Dungeon.
             The game lasted 00:04:28 (1642 turns).

drugrobin the Chopper (Demigod Fighter)             Turns: 1642, Time: 00:04:29

Health: -2/46      AC:  7    Str: 21    XL:     5   Next: 5%
Magic:  7/7        EV:  9    Int: 10    God:
Gold:   40         SH:  9    Dex: 13    Spells: 4/4 levels left

rFire   . . .      SeeInvis .   a - +0 war axe
rCold   . . .      Faith    .   c - +0 buckler
rNeg    . . .      Spirit   .   b - +0 scale mail
rPois   .          Reflect  +   (no helmet)
rElec   .          Harm     .   (no cloak)
rCorr   .          Rampage  .   (no gloves)
Will    +....                   i - +0 pair of boots
Stlth   ..........              n - amulet of reflection
HPRegen 0.15/turn               m - ring of willpower
MPRegen 0.10/turn               (no ring)

@: no status effects
A: high MP 1, forlorn, divine attributes
a: no special abilities


You were on level 4 of the Dungeon.
You visited 1 branch of the dungeon, and saw 5 of its levels.

You collected 92 gold pieces.
You spent 52 gold pieces at shops.

Inventory:

Hand Weapons
 a - a +0 war axe (weapon)
Missiles
 g - 10 poisoned darts (quivered)
Armour
 b - a +0 scale mail (worn)
 c - a +0 buckler (worn)
 f - a +0 helmet
 i - a +0 pair of boots (worn)
 s - a scarf of shadows
Jewellery
 m - a ring of willpower (left hand)
 n - an amulet of reflection (around neck)
Scrolls
 h - a scroll of teleportation
 j - a scroll of fear
 l - a scroll of enchant weapon
 o - a scroll of enchant armour
Potions
 k - a potion of attraction {unknown}
 p - 2 potions of degeneration {unknown}
 q - a potion of curing {unknown}


   Skills:
 + Level 3.7 Fighting
 * Level 4.0 Axes
 - Level 2.8 Armour
 - Level 2.8 Shields


You had 4 spell levels left.
You didn't know any spells.
Your spell library was empty.

Dungeon Overview and Level Annotations

Branches:
Dungeon (5/15)
 Temple: D:4-7

Shops:
D:1 =   D:3 ?


Innate Abilities, Weirdness & Mutations

You have an increased reservoir of magic. (+10% MP)
You shall have no god before yourself.
Your divine heritage dramatically boosts your attributes as you level up.


Message History

The centaur unwields a +0 shortbow.
The centaur hits you.
* * * LOW HITPOINT WARNING * * *
You block the centaur's attack.
Unknown command.
Unknown command.
Unknown command.
Unknown command.
You hit the centaur.
The centaur is moderately wounded.
The centaur hits you but does no damage.
The centaur barely misses you.
Unknown command.
Unknown command.
Unknown command.
You hit the centaur.
The centaur is heavily wounded.
The centaur hits you but does no damage.
The centaur kicks you but does no damage.
You block the centaur's attack. x2
Unknown command.
Unknown command.
Unknown command.
You slash the centaur!
You kill the centaur!
Your Axes skill increases to level 4!
You have reached level 5!
Unknown command.
Things that are here:
a +0 shortbow; a centaur corpse Unknown command.
You feel yourself slow down.
The iguana bites you but does no damage.
Unknown command.
Unknown command.
Found a scroll of enchant weapon.
Unknown command.
Unknown command.
Okay, then.
The iguana attacks as you move away! The iguana bites you!
You die...

##.. ##.S......# ##..
##..######.#
.###..####..## #.#
......S..S.## ####S#.##
####.###########.......#
#.# #......#)##....#
####.####........###...#
...............l####.?.#
w###.####.......@........
.....# #......#.#........
w..... .......#.. .......
....... ##########.
.?.... ...#.### .. .#.
..##.# ## # ..# .# . #


You could see an iguana.

Vanquished Creatures
  A centaur (D:4)
  Terence (D:3)
  An iguana (D:4)
  An adder (D:3)
  4 bats
  3 endoplasms (D:1)
  2 giant cockroaches
  A hobgoblin (D:2)
  3 jackals (D:2)
  2 quokkas
  2 ball pythons (D:2)
  4 frilled lizards
  6 goblins
  5 rats
36 creatures vanquished.

Vanquished Creatures (others)
  A goblin (D:1)
  A frilled lizard (D:1)
2 creatures vanquished.

Grand Total: 38 creatures vanquished

Notes
Turn   | Place    | Note
-------+----------+-------------------------------------------
     0 | D:1      | drugrobin the Demigod Fighter began the quest for the Orb.
     0 | D:1      | Reached XP level 1. HP: 18/18 MP: 3/3
   288 | D:1      | Found Qeadghom's Jewellery Shoppe.
   598 | D:1      | Reached skill level 2 in Axes
   891 | D:2      | Reached XP level 2. HP: 25/25 MP: 4/4
  1385 | D:3      | Found Fyips's Magic Scroll Boutique.
  1400 | D:3      | Bought a scroll of identify for 26 gold pieces
  1400 | D:3      | Bought a scroll of identify for 26 gold pieces
  1453 | D:3      | Reached XP level 3. HP: 31/31 MP: 5/5
  1539 | D:3      | Noticed Terence
  1546 | D:3      | Killed Terence
  1547 | D:3      | Reached skill level 3 in Axes
  1586 | D:3      | You fall into a shaft and drop 2 floors!
  1586 | D:5      | Entered Level 5 of the Dungeon
  1586 | D:5      | Noticed a phantom
  1601 | D:4      | Reached XP level 4. HP: 12/38 MP: 6/6
  1632 | D:4      | Noticed a centaur
  1637 | D:4      | Killed a centaur
  1638 | D:4      | Reached skill level 4 in Axes
  1638 | D:4      | Reached XP level 5. HP: 8/46 MP: 7/7
  1642 | D:4      | Slain by an iguana

Illustrated notes

Levels and vault maps discovered:
D:1:      lemuel_arrival_lava_pool, layout_loops_cross,
          ebering_ecumenical_altar_rust, serial_shops, nicolae_shop_stone,
          lemuel_flame_loot_1
D:2:      layout_rooms
D:3:      minmay_razor_zed, layout_basic, serial_shops, nicolae_shop_waterfront,
          chequers_serial_rivers_small_3, grunt_decor_one_mirror, uniq_natasha,
          uniq_jessica, uniq_sigmund, uniq_terence
D:4:      layout_rooms, mainiacjoe_overflow_concentric_impassable,
          minmay_temple_entry_slanted, eino_small_chamber_without_monster
D:5:      minmay_spotlight, layout_cave_pods, lemuel_doored_altar,
          general_overflow_altar, serial_shops, nicolae_square_shop

Skill      XL: |  1  2  3  4 |
---------------+-------------+-----
Axes           | 2 3 4 |  4.0
Fighting       | 3 |  3.7
Armour         | |  2.8
Shields        | |  2.8

Action                   |  1- 3 |  4- 6 || total
-------------------------+-------+-------++-------
Melee: War axe           |    80 |     3 ||    83
Throw: Dart              |     2 |       ||     2
  Use: Scroll            |     5 |       ||     5
       Potion            |     1 |     1 ||     2
Armor: Scale mail        |    24 |     4 ||    28
Dodge: Dodged            |    39 |     1 ||    40
Block: Buckler           |    32 |     3 ||    35

Table legend: (Time is in decaauts)
 A = Elapsed time spent in this place.
 B = Non-inter-level travel time spent in this place.
 C = Inter-level travel time spent in this place.
 D = Time resting spent in this place.
 E = Time spent auto-exploring this place.
 F = Levels seen in this place.
 G = Mean time per level.
                   A        B        C        D        E       F      G
               +--------+--------+--------+--------+--------+-----+--------+
         Total |   1663 |   1565 |     98 |      0 |   1091 |   5 |  332.6 |
       Dungeon |   1663 |   1565 |     98 |      0 |   1091 |   5 |  332.6 |
               +--------+--------+--------+--------+--------+-----+--------+

Top non-repeatable levels by time:
     D:1: 872 daAuts
     D:2: 534 daAuts
     D:3: 209 daAuts
     D:4: 40 daAuts
     D:5: 6 daAuts
